 Dungeon Crawl Stone Soup version 0.24.0-123-gd5b16e6ec5 (webtiles) character file.

Game seed: 7398835747341757092, levelgen mode: deterministic

46 Amplified the Scholar of Death (level 3, -2/20 HPs)
             Began as a Deep Elf Necromancer on Jan 28, 2020.
             Was a Follower of Kikubaaqudgha.
             Slain by a gnoll
             ... wielding a +0 halberd
              (4 damage)
             ... on level 3 of the Dungeon.
             The game lasted 00:04:33 (2234 turns).

Amplified the Scholar of Death (DENe)               Turns: 2234, Time: 00:04:34

Health: -2/20      AC:  5    Str:  5      XL:     3   Next: 44%
Magic:  10/10      EV:  9    Int: 16 (18) God:    Kikubaaqudgha [*.....]
Gold:   75         SH:  0    Dex: 12 (15) Spells: 2/9 levels left

rFire    . . .     SeeInvis .   h - +0 morningstar
rCold    + . .     Gourm    .   (no shield)
rNeg     . . .     Faith    .   b - +0 ring mail
rPois    .         Spirit   .   (no helmet)
rElec    .         Reflect  .   (no cloak)
rCorr    .         Harm     .   (no gloves)
MR       .....                  (no boots)
Stlth    +.........             (no amulet)
HPRegen  0.06/turn              (no ring)
MPRegen  0.12/turn              (no ring)

@: no status effects
A: blink, cold resistance 1, dopey 1
a: Blink, Receive Corpses, Renounce Religion


You were on level 3 of the Dungeon.
You worshipped Kikubaaqudgha.
Kikubaaqudgha was aware of your devotion.
You were very hungry.

You visited 1 branch of the dungeon, and saw 3 of its levels.

You collected 75 gold pieces.

Inventory:

Hand Weapons
 h - a +0 morningstar (weapon)
Missiles
 e - a throwing net (quivered)
Armour
 a - a +0 robe
 b - a +0 ring mail (worn)
Comestibles
 c - 2 rations


   Skills:
 * Level 1.0 Fighting
 * Level 3.1 Dodging
 - Level 2.4 Stealth
 * Level 3.6 Spellcasting
 * Level 5.2 Necromancy


You had 2 spell levels left.
You knew the following spells:

 Your Spells              Type           Power        Failure   Level  Hunger
a - Pain                  Necr           ###.         10%         1    None
b - Animate Skeleton      Necr           N/A          10%         1    None
c - Sublimation of Blood  Necr           ###.......   14%         2    ##.....
d - Vampiric Draining     Necr           ###.......   28%         3    ###....

Your spell library contained the following spells:

 Spells                   Type           Power        Failure   Level  Hunger
 Regeneration             Chrm/Necr      ##........   65%         3    ###....
 Animate Dead             Necr           N/A          67%         4    ####...


Dungeon Overview and Level Annotations

Branches:
Dungeon (3/15)

Altars:
Cheibriados
Kikubaaqudgha
Uskayaw

Annotations:
D:2 Sigmund


Innate Abilities, Weirdness & Mutations

You can translocate small distances at will.
Your flesh is cold resistant. (rC+)
You are dopey. (Int -2)


Message History

You aren't carrying any scrolls.
Unknown command.
You struggle against the net.
The kobold hits you but does no damage. The gnoll hits you with a +0 spear!
* * * LOW HITPOINT WARNING * * *
Unknown command.
Unknown command.
You aren't carrying any potions.
Unknown command.
You blink.
You feel slightly more hungry.
An orc comes into view. It is wielding a +0 short sword.
You aren't carrying any scrolls.
Unknown command.
You aren't carrying any potions.
Unknown command.
You blink.
You are feeling very hungry.
The gnoll hits you from afar with a +0 halberd.
You die...
Kikubaaqudgha rasps: "You have failed me!
Welcome... death!"

#. .# .#
######o#
#..§..#
###..o.o#
....gKg.#
#.##....@#
.. #.§g..#
. #######


You could see 3 gnolls, 3 orcs and a kobold.

Vanquished Creatures
  An adder (D:2)
  A leopard gecko (D:1)
  A ball python (D:2)
  5 giant cockroaches
  3 goblins
  2 hobgoblins
  4 jackals (D:2)
  A quokka (D:2)
  4 bats
  7 kobolds
  3 rats
32 creatures vanquished.

Notes
Turn   | Place    | Note
-------+----------+-------------------------------------------
     0 | D:1      | Amplified the Deep Elf Necromancer began the quest for the
                  | Orb.
     0 | D:1      | Reached XP level 1. HP: 10/10 MP: 6/6
   427 | D:1      | Learned a level 1 spell: Animate Skeleton
   546 | D:1      | Reached skill level 5 in Necromancy
   546 | D:1      | Reached XP level 2. HP: 4/16 MP: 6/8
  1614 | D:2      | Noticed Sigmund
  1623 | D:2      | Noticed a +0 dagger
  1623 | D:2      | Noticed a +0 dagger
  1626 | D:2      | Found a hide-covered altar of Uskayaw.
  1689 | D:2      | Found a faded altar of an unknown god.
  1699 | D:2      | Became a worshipper of Kikubaaqudgha
  1699 | D:2      | Reached * piety under Kikubaaqudgha
  1699 | D:2      | Identified Kikubaaqudgha's Almanac of Darkness
                  | (Kikubaaqudgha gifted it to you on level 2 of the Dungeon)
  1699 | D:2      | Received a gift from Kikubaaqudgha
  1704 | D:2      | Learned a level 2 spell: Sublimation of Blood
  1722 | D:2      | Reached XP level 3. HP: 13/20 MP: 5/10
  1753 | D:2      | Reached skill level 1 in Fighting
  1855 | D:2      | Gained mutation: Your flesh is cold resistant. (rC+)
                  | [potion of mutation]
  1855 | D:2      | Gained mutation: You are dopey. (Int -2) [potion of
                  | mutation]
  1855 | D:2      | Gained mutation: You can translocate small distances at
                  | will. [potion of mutation]
  1870 | D:2      | Found a snail-covered altar of Cheibriados.
  1937 | D:2      | Found an ancient bone altar of Kikubaaqudgha.
  1983 | D:2      | Learned a level 3 spell: Vampiric Draining
  2234 | D:3      | Slain by a gnoll

Levels and vault maps discovered:
D:1:      mrwooster_arrival_arrow, layout_basic, corexii_corridor_pit
D:2:      layout_loops_corners, nicolae_overflow_hidden_temple,
          dancing_weapons_uskayaw, old_standard_altar,
          chequers_ecumenical_altar_island, serial_bayou_crossing, uniq_sigmund
D:3:      minmay_recursive_quarters, layout_loops_cross, gammafunk_ghost_grave,
          first_ration, grunt_ministairs_3, uniq_grinder

Skill      XL: |  1  2  3 |
---------------+----------+-----
Necromancy     | 5 |  5.2
Dodging        | 3 |  3.1
Fighting       | 1 |  1.0
Stealth        | |  2.4
Spellcasting   | |  3.6

Action                   || total
-------------------------++-------
Melee: Unarmed           ||     8
       Morningstar       ||     7
 Cast: Pain              ||    54
       Animate Skeleton  ||     5
 Abil: Blink             ||     2
  Use: Potion            ||     5
       Scroll            ||     2
  Eat: Chunk             ||     3
Armor: Ring mail         ||    12
Dodge: Dodged            ||    20
